 Dungeon Crawl Stone Soup version 0.27-a0-1557-g57f10a385c (webtiles) character file.

Game seed: 13220474189499228099

15 nyamberluvr69 the Skirmisher (level 2, -2/25 HPs)
             Began as a Palentonga Fighter on July 15, 2021.
             Slain by a worm (9 damage)
             ... on level 2 of the Dungeon.
             The game lasted 00:01:15 (938 turns).

nyamberluvr69 the Skirmisher (Palentonga Fighter)    Turns: 938, Time: 00:01:15

Health: -2/25      AC:  6    Str: 19    XL:     2   Next: 34%
Magic:  2/2        EV:  5    Int:  8    God:
Gold:   26         SH:  8    Dex:  9    Spells: 1/1 levels left

rFire    . . .     SeeInvis +   a - +0 long sword
rCold    . . .     Faith    .   c - +0 kite shield
rNeg     . . .     Spirit   .   b - +0 scale mail
rPois    .         Reflect  .   (no helmet)
rElec    .         Harm     .   (no cloak)
rCorr    .         Rampage  .   (no gloves)
Will     .....                  (no barding)
Stlth    ..........             (no amulet)
HPRegen  0.08/turn              g - ring of flight
MPRegen  0.08/turn              (no ring)

@: flying
A: large, rugged brown scales 3, see invisible, deformed body, roll 1, armoured
tail
a: Rolling Charge


You were on level 2 of the Dungeon.
You visited 1 branch of the dungeon, and saw 2 of its levels.

You collected 26 gold pieces.

Inventory:

Hand Weapons
 a - a +0 long sword (weapon)
Armour
 b - a +0 scale mail (worn)
 c - a +0 kite shield (worn)
Jewellery
 g - a ring of flight (left hand)
Scrolls
 e - a scroll of fog {unknown}
 f - 2 scrolls of identify {unknown}
 j - a scroll of holy word {unknown}
Potions
 d - a potion of might
 h - 2 potions of invisibility {unknown}
 i - a potion of haste {unknown}
 k - a potion of mutation {unknown}
 l - a potion of curing {unknown}


   Skills:
 + Level 3.6 Fighting
 + Level 2.2 Long Blades
 - Level 2.4 Armour
 - Level 2.4 Shields


You had one spell level left.
You didn't know any spells.
Your spell library was empty.

Dungeon Overview and Level Annotations

Branches:
Dungeon (2/15)

Altars:


Innate Abilities, Weirdness & Mutations

You are completely covered in rugged brown scales. (AC +3, +7% HP)
You have supernaturally acute eyesight. (SInv)
Armour fits poorly on your strangely shaped body.
You can roll at nearby foes to attack.
You have a long armoured tail.


Message History

You see here a bat corpse.
Found a yellow potion.
Found a hand axe and 4 gold pieces.
Found a stone staircase leading up.
k - a yellow potion Unknown command.
You now have 26 gold pieces (gained 4).
You see here a +0 hand axe.
Key pressed, stopping explore.
There's nothing you can charge at!
Found a glowing red potion.
l - a glowing red potion
Found a stone staircase leading down.
Found a stone staircase leading down.
There is a stone staircase leading down here.
A worm comes into view.
A worm is nearby!
You hit the worm. You tail-slap the worm.
The worm is heavily wounded.
The worm bites you.
Your shield and scale mail prevent you from hitting the worm.
The worm is heavily wounded.
The worm bites you!
You are too injured to fight recklessly!
You are too injured to fight recklessly!
Your shield and scale mail prevent you from hitting the worm.
Your tail-slap misses the worm.
The worm is moderately wounded.
The worm bites you.
* * * LOW HITPOINT WARNING * * *
You slash the worm!
The worm is severely wounded.
The worm completely misses you.
You riposte.
You hit the worm.
The worm is severely wounded.
You hit the worm but do no damage.
The worm is severely wounded.
You barely miss the worm.
The worm is severely wounded.
The worm bites you!
You die...

#.........>.....#
.#
#.......##.######
...#.......##...#
...#.......####.#
..........# #.#
#........# #.#
#........## #.#
#.##.....<# #.# #
#.@....# #.#
.##w.....# #.#
#.........# #.#
......#......# #.#
#####.#......# #.#
.....#......#
#.### ...#......#
#...#
###.#......#####.#
#.........)......#


You could see a worm.

Vanquished Creatures
  A bat (D:2)
  3 hobgoblins (D:1)
  3 jackals (D:2)
  A quokka (D:1)
  2 frilled lizards (D:1)
  3 kobolds
  A rat (D:1)
14 creatures vanquished.

Vanquished Creatures (others)
  A fungus (D:1)
  2 plants (D:1)
3 creatures vanquished.

Grand Total: 17 creatures vanquished

Notes
Turn   | Place    | Note
-------+----------+-------------------------------------------
     0 | D:1      | nyamberluvr69 the Palentonga Fighter began the quest for
                  | the Orb.
     0 | D:1      | Reached XP level 1. HP: 19/19 MP: 1/1
   448 | D:1      | Reached XP level 2. HP: 25/25 MP: 2/2
   488 | D:1      | Found a faded altar of an unknown god.
   938 | D:2      | Slain by a worm

Illustrated notes

Levels and vault maps discovered:
D:1:      lightli_arrival_statue_moat, layout_rooms,
          shapermc_ecumenical_altar_acropolis
D:2:      minmay_recursive_quarters, layout_basic, hangedman_glass_teeth

Action                   || total
-------------------------++-------
Melee: Long sword        ||    43
       Tailslap          ||     9
 Abil: Rolling Charge    ||     4
Armor: Scale mail        ||    24
Dodge: Dodged            ||     8
Block: Kite shield       ||    19
       Rpst.: Long sword ||     3

Table legend: (Time is in decaauts)
 A = Elapsed time spent in this place.
 B = Non-inter-level travel time spent in this place.
 C = Inter-level travel time spent in this place.
 D = Time resting spent in this place.
 E = Time spent auto-exploring this place.
 F = Levels seen in this place.
 G = Mean time per level.
                   A        B        C        D        E       F      G
               +--------+--------+--------+--------+--------+-----+--------+
         Total |    959 |    948 |     11 |    344 |    493 |   2 |  479.5 |
       Dungeon |    959 |    948 |     11 |    344 |    493 |   2 |  479.5 |
               +--------+--------+--------+--------+--------+-----+--------+

Top non-repeatable levels by time:
     D:1: 730 daAuts
     D:2: 229 daAuts
